 Dungeon Crawl Stone Soup version 0.25.0-10-g039870ee82 (console) character file.

Game seed: 11136227731503849055

251 bli the Cudgeler (level 6, -1/39 HPs)
             Began as a Gargoyle Monk on June 22, 2020.
             Was a Believer of Wu Jian.
             Killed from afar by an orc wizard (10 damage)
             ... with a magic dart
             ... on level 4 of the Dungeon.
             The game lasted 00:09:59 (3475 turns).

bli the Cudgeler (Gargoyle Monk)                    Turns: 3475, Time: 00:10:00

Health: -1/39      AC: 12    Str: 15    XL:     6   Next: 13%
Magic:  6/6        EV: 13    Int: 10    God:    Wu Jian [**....]
Gold:   146        SH:  0    Dex: 14    Spells: 5/5 levels left

rFire    . . .     SeeInvis .   a - +0 mace
rCold    . . .     Gourm    .   (no shield)
rNeg     + . .     Faith    .   e - +0 leather armour rPois โˆž Spirit .
                                m - +0 helmet
rElec    +         Reflect  .   (no cloak)
rCorr    .         Harm     .   (no gloves)
MR       .....                  (no boots)
Stlth    ++........             (no amulet)
HPRegen  0.13/turn              o - +4 ring of protection
MPRegen  0.10/turn              (no ring)

@: no status effects
A: negative energy resistance 1, electricity resistance, unbreathing,
petrification resistance, rot immunity, AC +4
a: Wall Jump, Renounce Religion


You were on level 4 of the Dungeon.
You worshipped Wu Jian.
Wu Jian was pleased with you.
You were hungry.

You visited 1 branch of the dungeon, and saw 4 of its levels.

You collected 146 gold pieces.

Inventory:

Hand Weapons
 a - a +0 mace (weapon)
 j - a +0 hunting sling
 p - a +0 flail
Missiles
 k - 69 stones (quivered)
 n - 2 throwing nets
Armour
 b - a +0 robe
 e - a +0 leather armour (worn)
 m - a +0 helmet (worn)
 q - a +0 ring mail
Jewellery
 o - a +4 ring of protection (left hand)
Scrolls
 f - a scroll of remove curse {unknown}
 i - 4 scrolls of identify {unknown}
 l - a scroll of amnesia {unknown}
 r - a scroll of fear {unknown}
Potions
 d - 3 potions of might {unknown}
 g - a potion of haste {unknown}
 h - a potion of magic {unknown}
Comestibles
 c - 6 rations
 s - 3 chunks of flesh


   Skills:
 * Level 4.5 Fighting
 + Level 4.7 Maces & Flails
 + Level 2.5 Armour
 + Level 3.2 Dodging
 - Level 2.1 Stealth


You had 5 spell levels left.
You didn't know any spells.
Your spell library was empty.

Dungeon Overview and Level Annotations

Branches:
Dungeon (4/15)
 Temple: D:4-7

Altars:
Dithmenos
Gozag
Nemelex Xobeh
Vehumet
Wu Jian
Yredelemnul
The Shining One


Innate Abilities, Weirdness & Mutations

You are resistant to torment.
Your stone body is resilient. (AC +4)
You are immune to poison.
You resist negative energy. (rN+)
You are resistant to electric shocks. (rElec)
You can survive without breathing.
You are immune to petrification.
You are immune to rotting.


Message History

The orc priest calls down the wrath of Beogh upon you.
Beogh smites you!
* * * LOW HITPOINT WARNING * * *
The orc wizard hits you but does no damage.
You hit the orc wizard but do no damage.
The orc wizard is moderately wounded.
The orc wizard hits you but does no damage.
The orc priest misses you.
Aiming: Wall Jump
Press: ? - help, Dir - move target cursor You repeatedly attack the orc wizard from above.
You closely miss the orc wizard.
The orc wizard is moderately wounded.
You miss the orc wizard.
The orc wizard is moderately wounded.
The orc wizard hits you but does no damage.
The orc wizard barely misses you. The orc priest closely misses you.
The orc wizard casts a spell at you. The magic dart hits you!
You die...

# #. #.###.#
#...... #...###
##.#..o# ##
..###o#####
...####.# #.o...#
......#.#######o#
#....)...##o#
#...####โ—‹##o#
### #.###
#โ—‹@o.# ....##
#.# ######
.##...##.#
...##....#
#..#....#######
#.##.....#...#
###..>...#.....#
.....รท.........#
.####....###...#
)###......##...#
.....#......####


You could see an orc priest and an orc wizard (fast).

Vanquished Creatures
  A phantom (D:4)
  A centaur zombie (D:2)
  A hound (D:3)
  2 adders
  2 worms (D:2)
  A dart slug (D:3)
  2 leopard geckos
  2 orcs
  8 giant cockroaches
  5 hobgoblins
  8 jackals
  A ball python (D:1)
  9 bats
  5 frilled lizards
  8 goblins
  4 kobolds
  7 rats
67 creatures vanquished.

Notes
Turn   | Place    | Note
-------+----------+-------------------------------------------
     0 | D:1      | bli the Gargoyle Monk began the quest for the Orb.
     0 | D:1      | Reached XP level 1. HP: 14/14 MP: 1/1
   171 | D:1      | Reached XP level 2. HP: 16/19 MP: 2/2
   634 | D:1      | Reached XP level 3. HP: 20/24 MP: 3/3
  1702 | D:2      | Reached XP level 4. HP: 29/29 MP: 4/4
  1737 | D:2      | Reached skill level 1 in Armour
  2763 | D:3      | Reached XP level 5. HP: 29/33 MP: 5/5
  3010 | D:3      | Found a basalt altar of Yredelemnul.
  3026 | D:3      | Found a glowing golden altar of the Shining One.
  3034 | D:3      | Found a shadowy altar of Dithmenos.
  3047 | D:3      | Found a sparkling altar of Nemelex Xobeh.
  3054 | D:3      | Found an ornate altar of the Wu Jian Council.
  3058 | D:3      | Became a worshipper of the Wu Jian Council
  3058 | D:3      | Reached * piety under Wu Jian
  3058 | D:3      | Reached ** piety under Wu Jian
  3064 | D:3      | Found an opulent altar of Gozag.
  3075 | D:3      | Found a radiant altar of Vehumet.
  3158 | D:4      | Noticed a phantom
  3230 | D:4      | Killed a phantom
  3230 | D:4      | Reached XP level 6. HP: 16/39 MP: 6/6
  3475 | D:4      | Killed from afar by an orc wizard

Illustrated notes

Levels and vault maps discovered:
D:1:      shiori_arrival_maze, layout_basic
D:2:      layout_basic
D:3:      layout_rooms, grunt_temple_overflow_octagram, first_ration,
          kennysheep_path_1, minmay_crystal_water
D:4:      layout_rooms, minmay_misc_feat_five

Skill      XL: |  1  2  3  4 |
---------------+-------------+-----
Fighting       | 4 |  4.5
Armour         | 2 |  2.5
Maces & Flails | 4 |  4.7
Dodging        | 3 |  3.2
Stealth        | |  2.1

Action                   |  1- 3 |  4- 6 || total
-------------------------+-------+-------++-------
Melee: Mace              |   143 |   170 ||   313
Invok: Whirlwind         |       |    24 ||    24
       Lunge             |       |     6 ||     6
 Abil: Wall Jump         |       |     1 ||     1
 Stab: Sleeping          |     5 |     2 ||     7
       Distracted        |       |     1 ||     1
  Eat: Chunk             |     3 |     5 ||     8
Armor: Leather armour    |    73 |    84 ||   157
       Robe              |     1 |       ||     1
Dodge: Dodged            |   114 |   129 ||   243
